[Event "Late-Titled-Tuesday-Blitz-August-29-2023"]
[Site "Chess.com"]
[Date "2023.08.29"]
[Round "11"]
[White "ural58"]
[Black "rachidhuilda"]
[Result "1-0"]
[WhiteElo "2520"]
[BlackElo "2372"]
[TimeControl "180+1"]
[EndTime "16:03:27 PDT"]
[Termination "ural58 won by resignation"]

1. e4 d5 2. exd5 Qxd5 3. Nc3 Qa5 4. b4 Qxb4 5. Rb1 Qd6 6. d4 Nf6 7. Nb5 Qd8 8. Bf4 Na6 9. c4 e6 10. c5 Be7 11. Nf3 Nd5 12. Be5 O-O 13. Bd3 c6 14.
Nd6 f6 15. Bg3 e5 16. Qc2 Bxd6 17. Bxh7+ Kh8 18. cxd6 Qe8 19. Bg6 Qe6 20. dxe5 fxe5 21. O-O Nf4 22. Bxf4 Rxf4 23. Ng5 Qg4 24. Nf7+ Rxf7 25.
Bxf7 Bf5 26. Qd1 Qg5 27. Rxb7 Rd8 28. Qh5+ Qxh5 29. Bxh5 Nc5 30. Rf7 g6 31. Rd1 Ne6 32. Bf3 e4 33. Be2 c5 34. g4 Nd4 35. Rxd4 cxd4 36.
gxf5 gxf5 37. d7 d3 38. Bd1 Kg8 39. Re7 Kf8 40. Re5 Rxd7 41. Rxf5+ Kg7 42. Re5 Rd4 43. Kf1 Ra4 44. Ke1 Kf6 45. Re8 Kf5 46. Bxa4 1-0

[Event "Late-Titled-Tuesday-Blitz-August-29-2023"]
[Site "Chess.com"]
[Date "2023.08.29"]
[Round "11"]
[White "WildBizon"]
[Black "GMKrikor"]
[Result "1-0"]
[WhiteElo "2747"]
[BlackElo "2865"]
[TimeControl "180+1"]
[EndTime "16:03:31 PDT"]
[Termination "WildBizon won by resignation"]

1. e4 e6 2. d4 d5 3. Nc3 Nf6 4. e5 Nfd7 5. f4 c5 6. Nf3 Nc6 7. Be3 cxd4 8. Nxd4 Qb6 9. Qd2 Qxb2 10. Rb1 Qa3 11.
Bb5 Nxd4 12. Bxd4 a6 13. Bxd7+ Bxd7 14. Rb3 Qe7 15. Rxb7 Qh4+ 16. g3 Qd8 17. O-O Ba3 18. Bb6 Qc8 19. Rc7 Qd8 20. Rb7 Qe7 21. Qd4 Rc8 22.
f5 Bc5 23. Bxc5 Qxc5 24. Ne2 exf5 25. Qxc5 Rxc5 26. Nd4 g6 27. Ra7 Ke7 28. Rb1 Rc4 29.
Rbb7 Rd8 30. c3 Rxc3 31. Rxa6 Rc4 32. Nc6+ Ke8 33. Nxd8 Bc8 34. Raa7 Bxb7 35. Nxb7 Rc1+ 36. Kf2 Ke7 37. Nc5+ Ke8 38. Nd3 Rc4 39. a4 d4 40.
a5 Rc3 41. Ke2 Rc2+ 42. Kd1 Rc3 43. Kd2 Ra3 44. Nc5 Re3 45. a6 Rxe5 46. Rb7 1-0

[Event "Late-Titled-Tuesday-Blitz-August-29-2023"]
[Site "Chess.com"]
[Date "2023.08.29"]
[Round "11"]
[White "Ducke13"]
[Black "Zampronha1971"]
[Result "1/2-1/2"]
[WhiteElo "2421"]
[BlackElo "2311"]
[TimeControl "180+1"]
[EndTime "16:03:35 PDT"]
[Termination "Game drawn by repetition"]

1. d4 Nf6 2. g3 c5 3. d5 e6 4. c4 exd5 5. cxd5 d6 6. Nc3 g6 7. Nf3 Bg7 8. Bg2 O-O 9. O-O Re8 10. Re1 a6 11. a4 Ne4 12. Nxe4 Rxe4 13. Qc2 Re8 14.
e4 Nd7 15. h3 Qc7 16. Bf4 Ne5 17. Nxe5 Bxe5 18. Bxe5 Rxe5 19. f4 Re8 20. Rad1 Bd7 21. e5 Rab8 22. Qc3 Bxa4 23. b3 Bd7 24. e6 fxe6 25.
dxe6 Bc6 26. Qf6 Bxg2 27. Kxg2 Rf8 28. Qg5 Rf5 29. Qh4 Re8 30. e7 Rf7 31. Re6 Rexe7 32.
Rexd6 Rd7 33. Rxd7 Rxd7 34. Re1 Qd8 35. Qg4 Rd2+ 36.
Re2 Qd5+ 37. Kf1 Rd1+ 38. Kf2 Qd4+ 39. Re3 Rd3 40. Qe6+ Kg7 41. Qe7+ Kg8 42. Qe8+ Kg7 43. Qe7+ Kg8 44. Qe8+ Kg7 45. Qe7+ 1/2-1/2

[Event "Late-Titled-Tuesday-Blitz-August-29-2023"]
[Site "Chess.com"]
[Date "2023.08.29"]
[Round "11"]
[White "jcmesafischer"]
[Black "bazar-wokzal"]
[Result "1-0"]
[WhiteElo "2480"]
[BlackElo "2546"]
[TimeControl "180+1"]
[EndTime "16:03:37 PDT"]
[Termination "jcmesafischer won on time"]

1. Nf3 g5 2. Nxg5 e5 3. d4 Be7 4.
Ne4 d5 5. Ng3 exd4 6. Qxd4 Nf6 7. Bg5 Nc6 8. Qh4 h6 9. Nc3 Rh7 10. Bxf6 Bxf6 11. Qf4 Bxc3+ 12. bxc3 Be6 13. Rb1 b6 14. e3 Qd7 15. Nh5 O-O-O 16. Nf6 Qe7 17. Nxh7 Qa3 18. Kd2 Na5 19. Bd3 Nc4+ 20. Ke2 Qxc3 21.
Rhd1 Nb2 22. Rd2 c5 23. Nf6 c4 24. Bf5 Qxf6 25. Bxe6+ Qxe6 26. Qd4 Na4 27. Rb4 Nc5 28. f3 Rg8 29. Kf2 Rg5 30. g3 Qh3 31. Kg1 h5 32. Rg2 Qf5 33. Qf4 Ne6 34. Qxf5 Rxf5 35.
f4 Kb7 36. Rd2 Kc6 37. c3 Nc5 38. a4 Nb3 39. Re2 Rf6 40. e4 1-0

[Event "Late-Titled-Tuesday-Blitz-August-29-2023"]
[Site "Chess.com"]
[Date "2023.08.29"]
[Round "11"]
[White "FaustinoOro"]
[Black "jk13"]
[Result "1-0"]
[WhiteElo "2876"]
[BlackElo "2682"]
[TimeControl "180+1"]
[EndTime "16:03:40 PDT"]
[Termination "FaustinoOro won by resignation"]

1. e4 e5 2. Nf3 Nc6 3. Bb5 a6 4.
Ba4 Nf6 5. d3 b5 6. Bb3 Bc5 7.
c3 d6 8. O-O O-O 9. a4 Rb8 10.
h3 h6 11. Nbd2 Bb6 12. Re1 Ne7 13. Nf1 Ng6 14. Ng3 Re8 15. axb5 axb5 16. d4 Bb7 17. Bc2 c5 18. d5 c4 19. Be3 Bc8 20. Qd2 Bxe3 21. Qxe3 Nf4 22. b3 cxb3 23. Bxb3 Nd7 24. Reb1 Nc5 25. Bd1 Bd7 26. Kh2 Qf6 27. Be2 Ra8 28.
Rxa8 Rxa8 29. Bxb5 Bxb5 30. Rxb5 Ra2 31. Nf5 Re2 32. Rxc5 Rxe3 33. Rc8+ Kh7 34. fxe3 Ne2 35. Rc6 g6 36. Rxd6 Qh8 37. Ng3 Nxg3 38. Kxg3 Qc8 39. Rc6 Qe8 40. c4 Kg7 41. c5 Qd7 42. Nxe5 Qe7 43. Nf3 Qxe4 44. Rd6 Qxe3 45. c6 Qc5 46.
Rd7 g5 47. c7 Kf6 48. d6 h5 49. Rd8 h4+ 50. Kh2 Qe3 51. c8=Q Qf4+ 52. Kg1 Qe3+ 53. Kf1 Qd3+ 54. Kf2 Qc2+ 55. Qxc2 1-0

[Event "Late-Titled-Tuesday-Blitz-August-29-2023"]
[Site "Chess.com"]
[Date "2023.08.29"]
[Round "11"]
[White "KorolDimitriy75"]
[Black "NotFischer"]
[Result "0-1"]
[WhiteElo "2317"]
[BlackElo "2270"]
[TimeControl "180+1"]
[EndTime "16:03:40 PDT"]
[Termination "NotFischer won on time"]

1. d4 Nf6 2. c4 g6 3. Nc3 Bg7 4. e4 d6 5. Nf3 Bg4 6. Be2 O-O 7.
Be3 Nbd7 8. O-O c6 9. Rb1 Bxf3 10. Bxf3 e5 11. Re1 Re8 12. Qd2 a5 13. b3 exd4 14.
Bxd4 Nc5 15. Rbd1 Qc7 16. g3 Rad8 17. Bg2 Ne6 18. Be3 Ng4 19. h3 Nxe3 20. Qxe3 Qe7 21. Na4 Nc5 22. f4 Nxa4 23. bxa4 c5 24. Kh2 f5 25. Qd2 fxe4 26. Bxe4 Qf6 27. Bxb7 Rxe1 28. Rxe1 Rb8 29. Bd5+ Kh8 30. Re2 h5 31. h4 Qa1 32.
Qxa5 Qf1 33. Rg2 Bf6 34. Qc7 Rb1 35. Kh3 Qh1+ 36. Rh2 Qf1+ 37. Bg2 Qxc4 38. Qxd6 Kg7 39. Bd5 Qf1+ 40. Rg2 Rb2 41. Qe6 Rxa2 42. Bxa2 Kh6 0-1

[Event "Late-Titled-Tuesday-Blitz-August-29-2023"]
[Site "Chess.com"]
[Date "2023.08.29"]
[Round "11"]
[White "ameetghasi100"]
[Black "Kleyton_Lima"]
[Result "1-0"]
[WhiteElo "2661"]
[BlackElo "2546"]
[TimeControl "180+1"]
[EndTime "16:03:41 PDT"]
[Termination "ameetghasi100 won by checkmate"]

1. g3 d5 2. Bg2 e6 3. b3 Nf6 4. Bb2 c5 5. Nf3 Nc6 6. O-O Be7 7. d4 cxd4 8. Nxd4 O-O 9. Nd2 Qc7 10. c4 Nxd4 11.
Bxd4 e5 12. Bb2 d4 13. Rc1 Bd7 14. Qc2 Bc6 15. a3 a5 16. Bh3 b6 17. Nf3 Rfd8 18. Bg2 Bc5 19. Qf5 Be4 20. Qxe5 Qxe5 21. Nxe5 Bxg2 22.
Kxg2 Re8 23. f4 Bd6 24. Bxd4 Bxa3 25. Ra1 Bc5 26. Bxc5 bxc5 27. Ra2 Ne4 28. Rfa1 f6 29. Nd3 Nc3 30. Rxa5 Rab8 31. Nxc5 Nxe2 32. Rb5 Rbd8 33.
Ra7 Rd2 34. Rbb7 Nxf4+ 35. Kf3 Nh5 36. g4 Rxh2 37. gxh5 Rxh5 38. Rxg7+ Kh8 39. Ne4 f5 40. Ng3 Rh3 41. Kg2 Rh4 42. Nxf5 Rh5 43. Ng3 Rh4 44.
c5 Rb4 45. Rxh7+ Kg8 46. Rag7+ Kf8 47. Nf5 Re2+ 48. Kf3 Rxb3+ 49. Kxe2 Rb2+ 50. Kf3 Rg2 51. Rf7+ Ke8 52. Re7+ Kd8 53. Kxg2 Kc8 54. Rh8# 1-0

[Event "Late-Titled-Tuesday-Blitz-August-29-2023"]
[Site "Chess.com"]
[Date "2023.08.29"]
[Round "11"]
[White "HenriL"]
[Black "eldur16"]
[Result "0-1"]
[WhiteElo "2522"]
[BlackElo "2625"]
[TimeControl "180+1"]
[EndTime "16:03:41 PDT"]
[Termination "eldur16 won on time"]

1. d4 Nf6 2. g3 g6 3. Bg2 Bg7 4.
Nf3 O-O 5. O-O d5 6. b3 c6 7. Bb2 a5 8. a3 Nbd7 9. Nbd2 Ne4 10. Nxe4 dxe4 11. Ne5 f5 12. c4 Nxe5 13. dxe5 Qxd1 14. Rfxd1 Be6 15. a4 Kf7 16. Rd2 b5 17. axb5 cxb5 18. f3 e3 19. Rd3 bxc4 20. bxc4 Bxc4 21. Rxe3 Ra6 22. f4 a4 23. Rea3 Rb8 24. Rxa4 Rxa4 25.
Rxa4 Bxe2 26. Bd5+ Ke8 27. Ba3 Bd3 28. Ra7 Bf8 29.
e6 Bb5 30. Kf2 Rd8 31. Bf3 Rc8 32. Bb4 Rc2+ 33. Ke3 Rc8 34. Rb7 Ba4 35. Be2 Ra8 36.
Bc5 h6 37. Kd4 Bc6 38. Rc7 Rd8+ 39. Kc3 Ba4 40. Kb4 Ra8 41. Ba7 Kd8 42. Rb7 Bc6 43. Rb6 Kc7 0-1

[Event "Late-Titled-Tuesday-Blitz-August-29-2023"]
[Site "Chess.com"]
[Date "2023.08.29"]
[Round "11"]
[White "XiaoKangZhong"]
[Black "NelsonLinda"]
[Result "1-0"]
[WhiteElo "2542"]
[BlackElo "2455"]
[TimeControl "180+1"]
[EndTime "16:03:42 PDT"]
[Termination "XiaoKangZhong won on time"]

1. e4 c5 2. Nf3 e6 3. b3 a6 4. c4 d6 5. Bb2 Nf6 6. Nc3 Be7 7. d4 cxd4 8. Nxd4 O-O 9. Be2 b6 10.
O-O Bb7 11. Qd3 Nbd7 12. f3 Rc8 13. Rfd1 Qc7 14. Rac1 Qb8 15. Qe3 Bd8 16. Kh1 Bc7 17. f4 Rfd8 18. Bf3 Nf8 19. g4 N6d7 20. Nce2 b5 21.
cxb5 axb5 22. Ng3 Bb6 23. Qd3 Nc5 24. Qxb5 Ba6 25. Qb4 Nd3 26. Rxc8 Rxc8 27. Rxd3 Bxd3 28. Qd2 Ba6 29. Nh5 f6 30. g5 Bxd4 31. Qxd4 Qb5 32.
Kg2 Qf1+ 33. Kg3 Rc2 34. Nxg7 Qe1+ 35. Kh3 Qf1+ 36. Kg3 Qe1+ 37. Kh3 Qf1+ 38. Kg4 f5+ 39. exf5 exf5+ 40. Kxf5 Bc8+ 41. Kf6 Nd7+ 42. Ke7 1-0

[Event "Late-Titled-Tuesday-Blitz-August-29-2023"]
[Site "Chess.com"]
[Date "2023.08.29"]
[Round "11"]
[White "Mourinho_Jose"]
[Black "Meri-Arabidze"]
[Result "0-1"]
[WhiteElo "2509"]
[BlackElo "2616"]
[TimeControl "180+1"]
[EndTime "16:03:43 PDT"]
[Termination "Meri-Arabidze won on time"]

1. Nf3 c5 2. g3 b6 3. Bg2 Bb7 4. O-O g6 5. d4 cxd4 6. Qxd4 Nf6 7. c4 Bg7 8. Nc3 d6 9. Bg5 Nbd7 10. Qd2 Rc8 11. b3 a6 12. Rac1 h6 13. Be3 Nc5 14. b4 Ncd7 15. Nd5 Ng4 16. Nd4 Nxe3 17. Qxe3 Ne5 18. Nf6+ Bxf6 19. Bxb7 Rc7 20. Bxa6 Kf8 21. Bb5 h5 22. Nf3 Ng4 23. Qxb6 Kg7 24. c5 h4 25.
Rcd1 hxg3 26. hxg3 Qg8 27. Kg2 Rc8 28. cxd6 exd6 29.
Qxd6 Rd8 30. Qf4 Rxd1 31. Rxd1 Qc8 32. Bd7 Qc2 33. Rd2 Qc1 34. Nh4 Bxh4 35. Qxg4 Qxd2 36. gxh4 Qd6 37. Bb5 Rh5 38. Bd3 Qf6 39. Qg3 Rxh4 40. b5 Rh5 41. Kf1 Rg5 42. Qf3 Qa1+ 0-1

[Event "Late-Titled-Tuesday-Blitz-August-29-2023"]
[Site "Chess.com"]
[Date "2023.08.29"]
[Round "11"]
[White "simplerXiao"]
[Black "Jahonas"]
[Result "0-1"]
[WhiteElo "2521"]
[BlackElo "2470"]
[TimeControl "180+1"]
[EndTime "16:03:43 PDT"]
[Termination "Jahonas won by checkmate"]

1. e4 c6 2. d4 d5 3. Nc3 dxe4 4.
Nxe4 Bf5 5. Ng3 Bg6 6. Nf3 Nd7 7. h4 h6 8. h5 Bh7 9. Bd3 Bxd3 10. Qxd3 Ngf6 11.
Bf4 Qa5+ 12. Bd2 Qc7 13. O-O-O e6 14. Kb1 Bd6 15. Ne4 Nxe4 16. Qxe4 Nf6 17. Qe2 O-O-O 18. c4 c5 19. Bc3 a6 20. dxc5 Qxc5 21. Bd4 Qf5+ 22. Ka1 Bc7 23. Bc3 Rxd1+ 24. Rxd1 Qxh5 25. Qe3 Rd8 26. Rxd8+ Kxd8 27. a3 Qh1+ 28. Ne1 Qf1 29. Qd4+ Kc8 30. Ka2 Nd7 31. g3 Be5 32. Qe4 Bxc3 33.
bxc3 Qxf2+ 34. Kb1 Qxg3 35. Nd3 Qd6 36. Kb2 Nc5 37.
Nxc5 Qxc5 38. Qh7 Qf2+ 39. Kb3 Qf6 40. Qg8+ Kc7 41. c5 Qe7 42. Qxg7 h5 43. Qe5+ Kc8 44. Qxh5 e5 45. Kb4 b6 46. Qf5+ Kc7 47. Kb3 Qe6+ 48. Qxe6 fxe6 49. cxb6+ Kxb6 50. Kb4 a5+ 51. Kc4 Kc6 52.
a4 Kd6 53. Kb5 e4 54. Kc4 e5 55. Kb3 Kc5 56. Kc2 Kc4 57. Kd2 e3+ 58. Kxe3 Kxc3 59.
Ke4 Kb4 60. Kxe5 Kxa4 61. Kd4 Kb3 62. Kd3 a4 63. Kd2 Kb2 64. Kd3 a3 65. Kd4 a2 66.
Kc4 a1=Q 67. Kb4 Qa3+ 68. Kc4 Qa4+ 69. Kd3 Qf4 70. Ke2 Kc3 71. Ke1 Qd2+ 72. Kf1 Kd3 73.
Kg1 Ke3 74. Kh1 Kf3 75. Kg1 Qg2# 0-1

[Event "Late-Titled-Tuesday-Blitz-August-29-2023"]
[Site "Chess.com"]
[Date "2023.08.29"]
[Round "11"]
[White "ArmanGhevondyanchess"]
[Black "viktorskliarov"]
[Result "1-0"]
[WhiteElo "2429"]
[BlackElo "2685"]
[TimeControl "180+1"]
[EndTime "16:03:47 PDT"]
[Termination "ArmanGhevondyanchess won on time"]

1. Nf3 g6 2. d4 Bg7 3. g3 Nf6 4. Bg2 O-O 5. O-O c6 6. b3 a5 7.
Bb2 a4 8. c4 d5 9. Ne5 axb3 10.
axb3 Rxa1 11. Bxa1 Nbd7 12. Nc3 dxc4 13. Nxc4 Nb6 14.
Bb2 Be6 15. Qd3 Nbd5 16. Rd1 Nb4 17. Qd2 b5 18. Ne5 Bxb3 19. Rb1 Bd5 20. Nxd5 Nbxd5 21. Nxc6 Qb6 22. Rc1 Rc8 23. Nb4 Rxc1+ 24. Bxc1 e6 25.
Nxd5 Nxd5 26. e4 Ne7 27. Ba3 Bf8 28. d5 exd5 29. exd5 Nc8 30. Bb2 Qc5 31. Bd4 Qb4 32. Bc3 Qc5 33. Ba1 Bg7 34. Bxg7 Kxg7 35. Qb2+ f6 36. g4 Nd6 37. g5 Ne8 38. h4 b4 39.
Qe2 Kf8 40. Qe6 Qc1+ 41. Bf1 Qc3 42. d6 Qd4 43. d7 Nc7 44. Qc6 fxg5 45. Qxc7 Qg4+ 46.
Bg2 Qd1+ 47. Kh2 gxh4 48. d8=Q+ Qxd8 49. Qxd8+ Kg7 50. Qxh4 1-0

[Event "Late-Titled-Tuesday-Blitz-August-29-2023"]
[Site "Chess.com"]
[Date "2023.08.29"]
[Round "11"]
[White "adiosabu"]
[Black "only_strong_moves"]
[Result "0-1"]
[WhiteElo "2601"]
[BlackElo "2558"]
[TimeControl "180+1"]
[EndTime "16:03:49 PDT"]
[Termination "only_strong_moves won on time"]

1. d4 Nf6 2. Nf3 e6 3. Bf4 d5 4.
e3 c5 5. c3 Nc6 6. Nbd2 Nh5 7.
Bg5 f6 8. Bh4 g6 9. g4 Ng7 10. h3 cxd4 11. exd4 Bd6 12. Qc2 g5 13. Bg3 Bxg3 14. fxg3 Qd6 15. Rg1 Bd7 16. O-O-O O-O-O 17. Kb1 Be8 18. Ka1 h5 19. Nb3 hxg4 20. hxg4 Rh6 21. Nc5 e5 22. Qb3 Na5 23. Qb4 Qb6 24. dxe5 Qxb4 25. cxb4 Nc6 26. exf6 Rxf6 27. Nxg5 b6 28. Nd3 Rg6 29. Nf3 Rxg4 30. Bh3 Bd7 31. Bxg4 Bxg4 32. Rc1 Bxf3 33. Rxc6+ Kb8 34. Rg6 Nf5 35.
Ne5 Nd4 36. Rf6 Be4 37. b3 Rc8 38. Rd1 Nc2+ 39. Kb2 Nxb4 40. Rc1 Rg8 41. a3 Nd3+ 42. Nxd3 Bxd3 43. Rc3 Be4 44. Re6 d4 45. Rc4 Bd5 46. Rd6 Bxc4 47. bxc4 Rg4 48. Rxd4 Rxd4 0-1

[Event "Late-Titled-Tuesday-Blitz-August-29-2023"]
[Site "Chess.com"]
[Date "2023.08.29"]
[Round "11"]
[White "effefe"]
[Black "MBA_CHESS_2021"]
[Result "0-1"]
[WhiteElo "2376"]
[BlackElo "2298"]
[TimeControl "180+1"]
[EndTime "16:03:49 PDT"]
[Termination "MBA_CHESS_2021 won by checkmate"]

1. d4 d5 2. c4 c6 3. Nc3 Nf6 4.
Nf3 dxc4 5. a4 Bf5 6. e3 e6 7. Bxc4 Be7 8. O-O O-O 9. Qe2 Ne4 10. Bd3 Nxc3 11. bxc3 Bxd3 12. Qxd3 Nd7 13. e4 a6 14. a5 Rc8 15. Be3 Qc7 16. c4 c5 17. d5 exd5 18.
exd5 Bf6 19. Ra2 Rfe8 20. h4 h6 21. Qf5 Ne5 22. Nxe5 Rxe5 23. Qh3 Re4 24. g3 Rxc4 25. d6 Qc6 26. Rd1 Rd8 27. d7 Bd4 28. Qf1 Rb4 29.
Bxd4 cxd4 30. Qe1 Rc4 31. Re2 Qxd7 32. Re7 Qd5 33. Qe2 d3 34. Qe3 Rd4 35. Rd2 Ra4 36.
Kh2 Kh7 37. Re5 Qd6 38. Qf4 Rxf4 39. gxf4 f6 40. Re4 Qd5 41. Re3 Qf5 42. Kg3 Rd4 43.
Rf3 h5 44. Rd1 Qg4+ 45. Kh2 Qxf3 46. Rg1 Qxf2+ 47. Rg2 Qxh4+ 48. Kg1 d2 49. Rxd2 Rxd2 50. f5 Qf2+ 51. Kh1 Qg2# 0-1

[Event "Late-Titled-Tuesday-Blitz-August-29-2023"]
[Site "Chess.com"]
[Date "2023.08.29"]
[Round "11"]
[White "HajiyevKanan"]
[Black "Mesa_1"]
[Result "0-1"]
[WhiteElo "2462"]
[BlackElo "2550"]
[TimeControl "180+1"]
[EndTime "16:03:56 PDT"]
[Termination "Mesa_1 won by resignation"]

1. d4 Nf6 2. Nf3 d5 3. c4 e6 4. cxd5 exd5 5. Nc3 c6 6. Qc2 g6 7. Bg5 Bg7 8. e3 O-O 9. Bd3 Re8 10. O-O Nbd7 11.
Rab1 a5 12. h3 h6 13. Bh4 Qe7 14. a3 g5 15. Bg3 Ne4 16. Bxe4 dxe4 17. Nd2 f5 18.
Nc4 Nf6 19. Be5 Be6 20. Nd6 Red8 21. Ndxe4 Nxe4 22. Nxe4 fxe4 23. Bxg7 Qxg7 24. Qxe4 Bd5 25. Qg4 Re8 26. b4 axb4 27. axb4 Ra2 28. b5 Qf6 29. bxc6 Bxc6 30. d5 Bxd5 31. Qd7 Bc6 32. Qc7 Qf7 33. Qd6 Re2 34. Qxh6 Qg7 35. Qh5 R8xe3 36. Rb4 Re8 37.
Rg4 R2e5 38. h4 Bb5 39. Rxg5 Rxg5 40. hxg5 Rf8 41. Rb1 Bc6 42. Re1 Qf7 43. Qh4 Re8 44. Rd1 Qg6 45. f3 Rf8 46. Qg3 Qg7 47. Rd6 Qf7 48.
Rf6 Qe7 49. Qg4 Qe1+ 50. Kh2 Qe5+ 51. f4 Qe7 52. Qf5 Rxf6 53. gxf6 Qh7+ 54. Qh3 Qxh3+ 55. Kxh3 b5 56. g4 b4 57. g5 b3 58. f5 b2 59.
g6 b1=Q 60. Kg4 Qe4+ 61. Kg5 Qe3+ 62. Kh5 Bf3+ 63. Kh4 Qf4+ 0-1

[Event "Late-Titled-Tuesday-Blitz-August-29-2023"]
[Site "Chess.com"]
[Date "2023.08.29"]
[Round "11"]
[White "Leo_C"]
[Black "Ajedrecista3000"]
[Result "1-0"]
[WhiteElo "2598"]
[BlackElo "2690"]
[TimeControl "180+1"]
[EndTime "16:03:57 PDT"]
[Termination "Leo_C won on time"]

1. d4 Nf6 2. c4 g6 3. Nc3 d5 4.
cxd5 Nxd5 5. e4 Nxc3 6. bxc3 Bg7 7. Bc4 c5 8. Ne2 Nc6 9. Be3 O-O 10.
O-O Bg4 11. f3 Na5 12. Bxf7+ Rxf7 13. fxg4 Rxf1+ 14. Kxf1 Qd6 15. Kg1 Qe6 16. Qc2 Qxg4 17. e5 Rc8 18. Qd3 cxd4 19. cxd4 b6 20. Rc1 Rxc1+ 21.
Bxc1 Qc8 22. Bg5 Qe6 23. a4 Bf8 24. Qe4 Qf5 25. Qh4 Qb1+ 26. Kf2 Qf5+ 27. Kg1 Qb1+ 28. Kf2 Qf5+ 29. Nf4 Nc6 30. Ke3 Qc2 31. Ne2 Nb4 32. Qe4 Qxa4 33. Kf4 Qd1 34. h4 Qf1+ 35. Kg3 Qe1+ 36.
Kh2 a5 37. d5 h6 38. d6 hxg5 39. d7 Qd2 40. Qxg6+ Bg7 41. Qe8+ Kh7 42. d8=Q Bxe5+ 43. Kh3 Qe3+ 44. Kg4 Qxe2+ 45. Kf5 Qf2+ 46. Kxe5 Qf4+ 47. Ke6 Qe4+ 48. Kf7 Qg6+ 49. Kxe7 Qe4+ 50. Kf8 Qf5+ 51. Qf7+ Qxf7+ 52. Kxf7 1-0

[Event "Late-Titled-Tuesday-Blitz-August-29-2023"]
[Site "Chess.com"]
[Date "2023.08.29"]
[Round "11"]
[White "Orest_Vovk"]
[Black "b_6"]
[Result "1-0"]
[WhiteElo "2599"]
[BlackElo "2470"]
[TimeControl "180+1"]
[EndTime "16:04:03 PDT"]
[Termination "Orest_Vovk won on time"]

1. e4 c5 2. Nf3 g6 3. Nc3 Bg7 4. h3 d6 5. Bb5+ Bd7 6. Bxd7+ Qxd7 7. O-O Nc6 8. d3 Nf6 9. Bg5 O-O 10. Qd2 Rab8 11. Bh6 b5 12. Bxg7 Kxg7 13. Ne2 e5 14. Ng3 h6 15. Nh2 d5 16. f4 dxe4 17. fxe5 Qd4+ 18.
Kh1 Qxe5 19. Rxf6 Qxf6 20. Ng4 Qg5 21. Qc3+ Nd4 22. Nxe4 b4 23. Qc4 Qh5 24. Nxc5 Ne6 25.
Nxe6+ fxe6 26. Qxe6 Rf7 27. Qd6 Rbf8 28. Qd4+ Kh7 29. Qxb4 Rf4 30. Qe7+ R8f7 31. Qe2 Rf2 32.
Qe6 Rf1+ 33. Rxf1 Rxf1+ 34. Kh2 Qf5 35. Qe7+ Qf7 36. Qxf7+ Rxf7 37. Kg3 Rc7 38. c4 Rb7 39. b3 a5 40. d4 a4 41. bxa4 Ra7 42. Ne5 Rxa4 43.
d5 Kg7 44. d6 Kf6 45. d7 Ke7 46. Kf4 Rxa2 47. c5 Ra4+ 48. Ke3 Ra3+ 49. Kd4 Ra4+ 50. Kd5 Ra5 51. Kc6 Ra6+ 52. Kb7 Ra1 53. c6 Rb1+ 54. Kc7 1-0

[Event "Late-Titled-Tuesday-Blitz-August-29-2023"]
[Site "Chess.com"]
[Date "2023.08.29"]
[Round "11"]
[White "nihalsarin"]
[Black "dropstoneDP"]
[Result "1/2-1/2"]
[WhiteElo "3109"]
[BlackElo "2984"]
[TimeControl "180+1"]
[EndTime "16:04:04 PDT"]
[Termination "Game drawn by stalemate"]

1. g3 d5 2. Nf3 Nf6 3. Bg2 e6 4. O-O Be7 5. c4 O-O 6. b3 c5 7. cxd5 exd5 8. d4 Ne4 9. Bb2 Nc6 10. dxc5 Bxc5 11. Nc3 Nxc3 12. Bxc3 d4 13. Bb2 Re8 14.
Rc1 Bb6 15. Qd2 Bf5 16. Rfd1 Be4 17. Nxd4 Bxg2 18. Kxg2 Bxd4 19. Bxd4 Qd5+ 20. Kg1 Nxd4 21. Qxd4 Qxd4 22. Rxd4 Rxe2 23. Ra4 Kf8 24. Kf1 Re7 25. h4 h5 26. Rac4 g6 27. b4 Rd8 28. Rc8 Ke8 29.
R1c7 Rxc8 30. Rxc8+ Kd7 31. Rc4 Kd6 32. a3 Rc7 33. Rd4+ Kc6 34. a4 Re7 35. Kg2 Re5 36.
Kf3 a5 37. b5+ Kc5 38. Rd7 Rf5+ 39. Ke3 Kb4 40. Rd4+ Kb3 41. f3 Rc5 42. g4 Rc4 43. Rd7 hxg4 44. Rxf7 gxf3 45. Kxf3 Kxa4 46. Rxb7 Rxh4 47.
Ke3 Rb4 48. Rg7 Rxb5 49. Rxg6 Rd5 50. Rb6 Ka3 51. Ke2 a4 52. Rb8 Ka2 53. Rb7 a3 54. Rb8 Ka1 55. Rb7 a2 56. Rb8 Rh5 57. Kd2 Rh1 58. Kc2 Rh2+ 59. Kc1 Rb2 60. Rxb2 1/2-1/2

[Event "Late-Titled-Tuesday-Blitz-August-29-2023"]
[Site "Chess.com"]
[Date "2023.08.29"]
[Round "11"]
[White "The_Princess_Moon"]
[Black "C_K_G"]
[Result "1-0"]
[WhiteElo "2215"]
[BlackElo "2015"]
[TimeControl "180+1"]
[EndTime "16:04:05 PDT"]
[Termination "The_Princess_Moon won on time"]

1. e4 c5 2. Nf3 d6 3. c3 Nf6 4. h3 Nc6 5. Bd3 e6 6. Bc2 c4 7. b3 d5 8. exd5 exd5 9. d4 Be7 10.
O-O cxb3 11. axb3 O-O 12. Re1 h6 13. Qd3 Re8 14. Nbd2 Bf8 15. Ne5 Ne7 16. Qg3 Bf5 17.
Bxf5 Nxf5 18. Qf3 Nd6 19. Ba3 Nde4 20. Nxe4 dxe4 21. Qg3 Bxa3 22. Rxa3 a6 23. Qf4 Rc8 24. Re3 Qe7 25. Ra2 Nd5 26. Qxe4 Nxe3 27. Qxe3 f6 28. Nc4 b5 29. Qxe7 Rxe7 30. Ne3 Rxc3 31. b4 Rd3 32. d5 Re4 33. Rxa6 Rxb4 34. Ra8+ Kh7 35. Rb8 Rb1+ 36. Kh2 Rb2 37. Kg3 Rdd2 38. f3 f5 39. Nxf5 Rxg2+ 40. Kf4 g5+ 41. Ke5 Rge2+ 42. Kf6 Rbc2 43. Rb7+ Kg8 44. Nxh6+ Kh8 45. Nf7+ Kg8 46. Nxg5 Rc8 47. Rg7+ 1-0

[Event "Late-Titled-Tuesday-Blitz-August-29-2023"]
[Site "Chess.com"]
[Date "2023.08.29"]
[Round "11"]
[White "jamengrand"]
[Black "TheMagician"]
[Result "0-1"]
[WhiteElo "2345"]
[BlackElo "2183"]
[TimeControl "180+1"]
[EndTime "16:04:06 PDT"]
[Termination "TheMagician won on time"]

1. e4 e5 2. Nf3 Nc6 3. Bc4 Bc5 4. c3 Bb6 5. d3 Nf6 6. Bb3 d6 7.
h3 Be6 8. Bc2 d5 9. Qe2 h6 10.
Nbd2 d4 11. c4 Nb4 12. Bb1 Nc6 13. a3 a5 14. b3 Bc5 15. Bc2 Nd7 16. Rb1 Qe7 17.
Nf1 Bxa3 18. Ng3 Bxc1 19. Rxc1 g6 20. O-O Nb4 21. Bd1 Qd6 22. Ne1 Nc5 23. Kh1 g5 24. Rb1 O-O-O 25. Qd2 b6 26. Bg4 Kb7 27.
f3 Qd7 28. Kg1 Rh7 29. Rb2 Rdh8 30. Bf5 Rg7 31. Bg4 f6 32. Nh5 Rf7 33. Rf2 Rff8 34. Rf1 Qe8 35. Rf2 Qe7 36. Rf1 Bf7 37. Rf2 Bg6 38. Ng3 h5 39. Bf5 Be8 40. Rf1 h4 41.
Ne2 Bd7 42. Bxd7 Qxd7 43. Nc1 Ne6 44. Nc2 Qd6 45. Nxb4 Qxb4 46. Qxb4 axb4 47. Ra2 Ra8 48. Rff2 Nc5 49. Rfc2 Ra5 50. Kf2 Rha8 51. Rxa5 Rxa5 52. Ke2 Ra1 53. Kd2 Rb1 54. Kd1 Nxb3 0-1

[Event "Late-Titled-Tuesday-Blitz-August-29-2023"]
[Site "Chess.com"]
[Date "2023.08.29"]
[Round "11"]
[White "TreinadorBR"]
[Black "KejJaj"]
[Result "1-0"]
[WhiteElo "2321"]
[BlackElo "2211"]
[TimeControl "180+1"]
[EndTime "16:04:07 PDT"]
[Termination "TreinadorBR won on time"]

1. e4 c5 2. Nf3 d6 3. d4 cxd4 4.
Nxd4 Nf6 5. Nc3 g6 6. f4 Nc6 7. Nxc6 bxc6 8. e5 Nd7 9. exd6 exd6 10. Qd4 Qf6 11. Be3 Be7 12. O-O-O O-O 13. Qa4 Bb7 14.
Ne4 Qe6 15. Re1 Nb6 16. Bxb6 axb6 17. Qb3 d5 18. f5 Qe5 19. Qc3 Qf4+ 20. Qd2 Qxd2+ 21.
Nxd2 Bg5 22. a3 gxf5 23. Bd3 Bc8 24. Rhf1 Be6 25. Kd1 Rae8 26. Bxf5 Bxf5 27. Rxf5 Rxe1+ 28. Kxe1 Re8+ 29. Kd1 f6 30. g3 Kg7 31. h4 Bh6 32. g4 Re3 33. g5 fxg5 34. hxg5 Kg6 35. Rf6+ Kxg5 36. Rxc6 b5 37. Nb3 Bg7 38. c3 Rd3+ 39. Kc2 Rf3 40. Rc5 Rf2+ 41. Nd2 Rf5 42. Rxb5 h5 43. Nb1 h4 44. Rb7 Bh6 45. Rb8 h3 46.
Rg8+ Kf4 47. Rg1 h2 48. Rh1 Kg3 49. Nd2 Kg2 50. Rxh2+ Kxh2 51. Nb3 Bg7 52. Nc5 Rf3 53. Kb3 Bf8 54. Ne6 Be7 55. Nd4 1-0